 Dungeon Crawl Stone Soup version 0.31-a0-152-g6aa68a64a1 (webtiles) character file.

Game seed: 11040328560251512320

71 Elmgren the Shooter (level 4, -1/26 HPs)
             Began as a Gargoyle Hunter on June 10, 2023.
             Slain by an orc wizard
             ... wielding a +0 dagger
              (3 damage)
             ... on level 3 of the Dungeon.
             The game lasted 00:03:35 (1204 turns).

Elmgren the Shooter (Gargoyle Hunter)               Turns: 1204, Time: 00:03:36

Health: -1/26      AC:  9    Str: 14    XL:     4   Next: 24%
Magic:  4/4        EV: 11    Int: 10    God:
Gold:   47         SH:  0    Dex: 15    Spells: 3/3 levels left

rFire   + . .        h - +0 orcbow
rCold   . . .        (shield currently unavailable)
rNeg    + . .        e - +2 leather armour {rF+}
rPois   ∞            c - +0 helmet
rElec   +            (no cloak)
rCorr   .            (no gloves)
SInv    .            (no boots)
Will    .....        (no amulet)
Stlth   ++           d - +4 ring of slaying
HPRegen 0.24/turn    (no ring)
MPRegen 0.09/turn

%: no passive effects
@: no status effects
A: sickness immunity, AC +3, negative energy resistance 1, electricity
resistance, torment resistance 1, petrification resistance
a: no special abilities


You were on level 3 of the Dungeon.
You visited 1 branch of the dungeon, and saw 3 of its levels.

You collected 47 gold pieces.

Inventory:

Hand Weapons
 h - a +0 orcbow (weapon)
Armour
 c - a +0 helmet (worn)
 e - a +2 leather armour of fire resistance (worn)
Jewellery
 d - a +4 ring of slaying (left hand)
Scrolls
 b - a scroll of butterflies
 f - a scroll of fear {unknown}
 g - 3 scrolls of identify {unknown}
 j - a scroll of silence {unknown}
Potions
 a - a potion of heal wounds {unknown}
 i - a potion of brilliance {unknown}


   Skills:
 - Level 2.1 Fighting
 + Level 5.6 Ranged Weapons
 - Level 1.5 Dodging
 - Level 1.1 Stealth


You had 3 spell levels left.
You didn't know any spells.
Your spell library contained the following spells:

 Spells                   Type           Power      Damage    Failure   Level
 Apportation              Tloc           0%         N/A       43%         1
 Necrotise                Necr           0%         1d4       43%         1
 Summon Small Mammal      Summ           0%         N/A       43%         1
 Vampiric Draining        Necr           0%         2d6       82%         3
 Volatile Blastmotes      Fire/Tloc      0%         2d10      82%         3
 Fulminant Prism          Conj/Hex       0%         3d5       99%         4
 Iskenderun's Mystic Bla  Conj/Tloc      0%         2d3       99%         4
 Agony                    Necr           0%         N/A       100%        5
 Lee's Rapid Deconstruct  Erth           0%         3d4*      100%        5


Dungeon Overview and Level Annotations

Branches:
Dungeon (3/15)

Altars:


Innate Abilities, Weirdness & Mutations

You are immune to sickness and miasma.
Your stone body is resilient. (AC +3)
You are immune to poison.
You resist negative energy. (rN+)
You are resistant to electric shocks. (rElec)
You are resistant to unholy torment.
You are immune to petrification.


Message History

Fire: h) +0 orcbow
Press: ? - help, Q - select action Shift-Dir - straight line, f - orc
Aim: an orc, wielding a +0 flail and wearing a +0 leather armour (heavily wounded, 60% to hit)
You shoot an arrow. The arrow hits the orc!
You kill the orc!
You are confused.
Non-targeted confused fire: h) +0 orcbow
Press: ? - help, Q - select action Dir - look around, f - activate You shoot an arrow.
Something tries to affect you, but you resist.
Non-targeted confused fire: h) +0 orcbow
Press: ? - help, Q - select action Dir - look around, f - activate You shoot an arrow.
Non-targeted confused fire: h) +0 orcbow
Press: ? - help, Q - select action Dir - look around, f - activate Look: an orc priest, wielding a +0 dagger You shoot an arrow.
The orc priest hits you but does no damage.
You bump into the rock wall.
The orc priest hits you but does no damage.
Found 6 stones.
You feel less confused. The orc priest closely misses you.
You shoot an arrow. The arrow barely misses the orc priest.
Something hits you but does no damage.
The orc priest mumbles some strange prayers to Beogh against you.
Beogh smites you!
You shoot an arrow. The arrow hits the orc priest!
The orc priest is almost dead.
Something hits you but does no damage.
The orc priest invokes the aid of Beogh against you.
Beogh smites you!
Ouch! That really hurt!
* * * LOW HITPOINT WARNING * * *
You are too injured to fight recklessly!
You are too injured to fight recklessly!
You shoot an arrow. The arrow hits the orc priest.
You kill the orc priest!
Something hits you but does no damage. Something hits you.
You die...

...(....#.
...........
#.........#
#......)..#
#......)..
#........#
#........#
.......)@#
.#......#.##
..##......# ..
###....#.#..##....
##.................
.)......#.#.###....
#......
........#...# .##
#......
........#...# #
#......
..........#.##
#......


There were no monsters in sight!

Vanquished Creatures
  An orc priest (D:3)
  An adder (D:2)
  A gnoll (D:1)
  An orc (D:3)
  5 ball pythons
  7 endoplasms
  7 goblins
  A hobgoblin (D:1)
  3 jackals (D:2)
  4 kobolds
  4 quokkas
  5 bats
  4 frilled lizards
  6 rats
50 creatures vanquished.

Notes
Turn   | Place    | Note
-------+----------+-------------------------------------------
     0 | D:1      | Elmgren the Gargoyle Hunter began the quest for the Orb.
     0 | D:1      | Reached XP level 1. HP: 12/12 MP: 1/1
    43 | D:1      | Reached XP level 2. HP: 17/17 MP: 2/2
   122 | D:1      | Reached XP level 3. HP: 21/21 MP: 3/3
   126 | D:1      | Reached skill level 5 in Ranged Weapons
   842 | D:2      | Reached XP level 4. HP: 26/26 MP: 4/4
  1203 | D:3      | HP: 1/26 [orc priest/divine providence (13)]
  1204 | D:3      | Slain by an orc wizard

Illustrated notes

Levels and vault maps discovered:
D:1:      erik_arrival_orb_chamber, layout_rooms
D:2:      layout_basic
D:3:      layout_rooms, uniq_ijyb

Skill      XL: |  1  2  3 |
---------------+----------+-----
Ranged Weapons | 5 |  5.6
Fighting       | |  2.1
Dodging        | |  1.5
Stealth        | |  1.1

Action                     |  1- 3 |  4- 6 || total
---------------------------+-------+-------++-------
   Fire: Shortbow          |    51 |       ||    51
         Orcbow            |    29 |    19 ||    48
 Armour: Leather armour    |     8 |     5 ||    13
  Dodge: Dodged            |    12 |     1 ||    13

Table legend: (Time is in decaauts)
 A = Elapsed time spent in this place.
 B = Non-inter-level travel time spent in this place.
 C = Inter-level travel time spent in this place.
 D = Time resting spent in this place.
 E = Time spent auto-exploring this place.
 F = Levels seen in this place.
 G = Mean time per level.
                   A        B        C        D        E       F      G
               +--------+--------+--------+--------+--------+-----+--------+
         Total |   1225 |   1144 |     81 |      0 |    916 |   3 |  408.3 |
       Dungeon |   1225 |   1144 |     81 |      0 |    916 |   3 |  408.3 |
               +--------+--------+--------+--------+--------+-----+--------+

Top non-repeatable levels by time:
     D:2: 694 daAuts
     D:1: 438 daAuts
     D:3: 91 daAuts
